 Dungeon Crawl Stone Soup version 0.31-a0-174-g85c54bcb58 (webtiles) character file.

Game seed: 7698634423292617227

3301 promet the Fighter (level 9, -2/74 HPs)
             Began as a Minotaur Fighter on June 15, 2023.
             Was a Follower of Hepliaklqana.
             Slain by a vampire (4 damage)
             ... on level 7 of the Dungeon.
             The game lasted 00:42:46 (9378 turns).

promet the Fighter (Minotaur Fighter)               Turns: 9378, Time: 00:42:47

Health: -2/74      AC: 16    Str: 20    XL:     9   Next: 70%
Magic:  8/8        EV:  6    Int:  9    God:    Hepliaklqana [*.....]
Gold:   368        SH:  0    Dex: 11    Spells: 8/8 levels left

rFire   . . .        a - +4 hand axe
rCold   . . .        c - +0 buckler
rNeg    . . .        H - +0 plate armour
rPois   .            (helmet restricted)
rElec   .            (no cloak)
rCorr   .            e - +2 pair of gloves
SInv    .            (no boots)
Will    .....        (no amulet) Stlth
                     (no ring)
HPRegen 0.32/turn    (no ring)
MPRegen 0.11/turn

%: no passive effects
@: confused, studying Staves
A: reduced essence, horns 2, retaliatory headbutt
a: Renounce Religion, Recall Ancestor, Ancestor Identity


You were on level 7 of the Dungeon.
You worshipped Hepliaklqana.
Hepliaklqana was aware of your devotion.
You visited 2 branches of the dungeon, and saw 8 of its levels.
You also visited: Sewer.

You collected 368 gold pieces.

Inventory:

Hand Weapons
 a - a +4 hand axe (weapon)
 b - a +2 sling of draining
 f - a +1 falchion of protection
 i - a +0 trident
 q - a +0 spectral club
 s - a +0 flail
 v - a +0 short sword of venom
 A - a +1 flail of protection
 D - a +1 heavy flail
Missiles
 g - 74 stones
 F - 2 poisoned darts (quivered)
Armour
 c - a +0 buckler (worn)
 d - a +1 scale mail of cold resistance
 e - a +2 pair of gloves (worn)
 h - the +0 pair of gloves of Suleiw {rC+++ MP-9 Str+8 Int-4}
   (You found it in a sewer)

   Str:       It affects your strength (+8).
   Int:       It affects your intelligence (-4).
   rC:        It renders you almost immune to cold.
   MP:        It affects your magic capacity (-9).
 j - the +1 leather armour of Banouleoz {rF++}
   (You found it on level 2 of the Dungeon)

   rF:        It greatly protects you from fire.
 C - a +4 ring mail
 H - a +0 plate armour (worn)
Jewellery
 u - an amulet of regeneration
 E - a +6 ring of dexterity
Wands
 l - a wand of flame (9)
 p - a wand of digging (1)
 x - a wand of iceblast (4)
 y - a wand of polymorph (5)
 G - a wand of quicksilver (1)
Scrolls
 m - 2 scrolls of teleportation
 r - a scroll of silence
 z - 3 scrolls of noise
Potions
 k - a potion of lignification
 n - a potion of enlightenment {unknown}
 o - a potion of haste
 w - 2 potions of curing
 B - a potion of mutation {unknown}
 I - a potion of might


   Skills:
 * Level 9.2 Fighting
 + Level 8.7(9.0) Axes
 + Level 3.6(6.6) Polearms
 + Level 5.8 Ranged Weapons
 + Level 0.3 Throwing
 + Level 7.7 Armour
 + Level 2.3 Dodging
 + Level 0.3 Stealth
 + Level 4.9 Shields
 + Level 1.0 Evocations


You had 8 spell levels left.
You didn't know any spells.
Your spell library contained the following spells:

 Spells                   Type           Power      Damage    Failure   Level
 Blink                    Tloc           0%         N/A       100%        2
 Lesser Beckoning         Tloc           0%         N/A       100%        2
 Momentum Strike          Conj/Tloc      0%         3d8       100%        2
 Dazzling Flash           Conj/Hex       0%         N/A       100%        3
 Gell's Gravitas          Tloc           0%         N/A       100%        3
 Ozocubu's Armour         Ice            0%         N/A       100%        3
 Teleport Other           Tloc           0%         N/A       100%        3
 Volatile Blastmotes      Fire/Tloc      0%         2d10      100%        3
 Iskenderun's Mystic Bla  Conj/Tloc      0%         2d3       100%        4
 Starburst                Conj/Fire      0%         6d3       100%        6
 Ozocubu's Refrigeration  Ice            0%         4d7       100%        7


Dungeon Overview and Level Annotations

Branches:
Dungeon (7/15)             Temple (1/1) D:5           Sewer (visited)

Altars:
Cheibriados
Elyvilon
Fedhas
Gozag
Hepliaklqana
Kikubaaqudgha
Nemelex Xobeh
Okawaru
Qazlal
Ru
Sif Muna
Trog
Uskayaw
Vehumet
Wu Jian
Xom
Yredelemnul
Zin
The Shining One


Innate Abilities, Weirdness & Mutations

Your life essence is reduced to manifest your ancestor. (-10% HP)
You have a pair of horns on your head.
You reflexively headbutt those who attack you in melee.


Message History

* * * LOW HITPOINT WARNING * * *
You feel better.
Lucius closely misses something.
Something draws life force from you!
* * * LOW HITPOINT WARNING * * *
You hit something but do no damage.
Lucius hits something but does no damage.
Something hits you but does no damage. Something bites you but does no damage.
You miss something. Your headbutt misses something.
Lucius hits something but does no damage.
Something hits you but does no damage. Something bites you.
* * * LOW HITPOINT WARNING * * *
Something draws strength from your injuries!
You barely miss something.
Lucius closely misses something.
Something hits you but does no damage. Something bites you.
* * * LOW HITPOINT WARNING * * *
Something draws strength from your injuries!
As you read the scroll of fog, it dissolves into smoke.
Lucius hits something but does no damage.
Something hits you but does no damage. Something bites you but does no damage.
You hit something. Your headbutt misses something.
Lucius hits something but does no damage.
You hear some strange, mumbled words.
You are confused.
You're too confused to move!
Lucius hits something but does no damage.
You hear some strange, mumbled words.
Lucius appears confused.
You closely miss something.
Lucius closely misses something.
You miss something. Something hits you.
* * * LOW HITPOINT WARNING * * *
Something bites you but does no damage.
Lucius hits something.
You hit something but do no damage. Something hits you.
* * * LOW HITPOINT WARNING * * *
Something bites you.
* * * LOW HITPOINT WARNING * * *
Something draws strength from your injuries!
You barely miss something. Your headbutt misses something.
Lucius hits something but does no damage.
Something hits you.
You die...

#.. #... #... #####
####..########...##
.<.......#....<...##
...................#
#§§........###
#§#.......##
##@###.....#
#R{§§.....##
#§§§###...... #.....
#.......
................##
..................
.......$....
.............
.##..........#


You could see the friendly Lucius the ancestor (confused).

Vanquished Creatures
  A two-headed ogre (D:6)
  Prince Ribbit (D:5)
  Menkaure (D:4)
  Edmund (D:5)
  3 water moccasins
  3 ice beasts
  2 orc warriors
  A sky beast (D:6)
  An ogre (D:4)
  A phantom (D:5)
  A bullfrog (D:6)
  4 scorpions
  A howler monkey (D:7)
  2 jellies
  An orc priest (D:5)
  5 hounds
  A sleepcap (D:5)
  Jessica (D:2)
  Ijyb (D:4)
  Terence (D:2)
  3 iguanas
  2 orc wizards
  5 adders
  A white imp (D:6)
  4 worms
  A dart slug (D:2)
  15 orcs
  6 ball pythons
  5 endoplasms
  A giant cockroach (D:2)
  11 goblins
  6 hobgoblins
  5 jackals
  2 quokkas
  11 bats
  7 frilled lizards
  8 kobolds
  8 rats
134 creatures vanquished.

Vanquished Creatures (collateral kills)
  A black bear (D:6)
  2 scorpions (D:6)
  A hound (D:6)
  An orc priest (D:6)
  An iguana (D:6)
  An orc wizard (D:6)
  4 orcs (D:6)
11 creatures vanquished.

Vanquished Creatures (others)
  2 ancestors (D:6)
2 creatures vanquished.

Grand Total: 147 creatures vanquished

Notes
Turn   | Place    | Note
-------+----------+-------------------------------------------
     0 | D:1      | promet the Minotaur Fighter began the quest for the Orb.
     0 | D:1      | Reached XP level 1. HP: 19/19 MP: 0/0
   165 | D:1      | Reached skill level 4 in Fighting
   168 | D:1      | Reached XP level 2. HP: 25/27 MP: 1/1
   680 | D:2      | Reached XP level 3. HP: 30/34 MP: 2/2
   911 | D:2      | Identified the +1 leather armour of Banouleoz {rF++}
  1007 | D:2      | Noticed Terence
  1036 | D:2      | Killed Terence
  1037 | D:2      | Reached XP level 4. HP: 33/41 MP: 3/3
  1188 | D:2      | Noticed a scorpion
  1212 | D:2      | Killed a scorpion
  1213 | D:2      | Reached skill level 5 in Fighting
  1213 | D:2      | Reached skill level 1 in Axes
  1584 | D:2      | Reached XP level 5. HP: 48/48 MP: 4/4
  1779 | D:2      | Noticed Jessica
  1785 | D:2      | Killed Jessica
  2078 | D:3      | Found a faded altar of an unknown god.
  2846 | D:4      | Found a glowing drain.
  2923 | Sewer    | Entered a sewer
  2955 | Sewer    | Noticed a water moccasin
  2965 | Sewer    | Killed a water moccasin
  2966 | Sewer    | Reached skill level 1 in Ranged Weapons
  2966 | Sewer    | Reached skill level 5 in Armour
  2966 | Sewer    | Reached XP level 6. HP: 49/56 MP: 5/5
  3332 | Sewer    | Identified the +0 pair of gloves of Suleiw {rC+++ MP-9
                  | Str+8 Int-4}
  3403 | D:4      | Noticed Menkaure
  3417 | D:4      | Killed Menkaure
  3418 | D:4      | Reached skill level 1 in Dodging
  3846 | D:4      | Reached XP level 7. HP: 51/62 MP: 6/6
  4063 | D:4      | You fall into a shaft and drop 1 floor!
  4063 | D:5      | Entered Level 5 of the Dungeon
  4186 | D:5      | Reached skill level 6 in Fighting
  4560 | D:5      | Reached skill level 5 in Axes
  4653 | D:5      | Noticed Prince Ribbit
  4660 | D:5      | Killed Prince Ribbit
  4661 | D:5      | Reached XP level 8. HP: 55/71 MP: 7/7
  4950 | D:5      | Found a staircase to the Ecumenical Temple.
  4962 | Temple   | Entered the Ecumenical Temple
  4980 | Temple   | Became a worshipper of Hepliaklqana the Forgotten
  5641 | D:4      | Noticed Ijyb
  5653 | D:4      | Killed Ijyb
  5941 | D:4      | Reached skill level 7 in Fighting
  6556 | D:5      | Found a glowing silver altar of Zin.
  6556 | D:5      | Found a shimmering blue altar of Sif Muna.
  6556 | D:5      | Found a white marble altar of Elyvilon.
  6556 | D:5      | Found a sparkling altar of Nemelex Xobeh.
  6559 | D:5      | Noticed Edmund
  6578 | D:5      | Killed Edmund
  6810 | D:5      | Found an ancient bone altar of Kikubaaqudgha.
  6810 | D:5      | Found a hide-covered altar of Uskayaw.
  7115 | D:5      | Reached * piety under Hepliaklqana
  7372 | D:6      | Found a bloodstained altar of Trog.
  7415 | D:6      | Reached skill level 8 in Fighting
  7415 | D:6      | Reached XP level 9. HP: 58/72 MP: 8/8
  7710 | D:6      | Reached skill level 5 in Ranged Weapons
  7714 | D:6      | Noticed a two-headed ogre
  8382 | D:6      | Killed a two-headed ogre
  8383 | D:6      | Reached skill level 1 in Evocations
  8938 | D:6      | Reached skill level 9 in Fighting
  9106 | D:6      | Found a sacrificial altar of Ru.
  9377 | D:7      | HP: 2/74 [something (6)]
  9378 | D:7      | Slain by a vampire

Illustrated notes

Levels and vault maps discovered:
D:1:      dpeg_arrival_tiny_a, layout_rooms, chequers_serial_rivers_small_a,
          minmay_strange_pillars, chequers_serial_rivers_small_a
D:2:      layout_loops_cross, minmay_hexomino_c4, uniq_terence, uniq_jessica
D:3:      layout_basic, shapermc_ecumenical_altar_starsandcircs
D:4:      layout_gridville, cheibrodos_sewer_entry_drain, minivault_26,
          amcnicky_mini_corridor_feature, nrook_mini_vaults, uniq_ijyb,
          uniq_menkaure
D:5:      layout_basic, minmay_overflow_temple_hex, minmay_temple_entry_grid,
          guppyfry_early_orc_mine, uniq_edmund, uniq_prince_ribbit1
D:6:      layout_rooms, old_standard_altar, mainiacjoe_overflow_chevrons,
          minmay_misc_feat_rugged, chequers_serial_rivers_small_3,
          minmay_manual_monstrance
D:7:      layout_cave_pools, grunt_dithmenos_smoke, bloody_makhleb,
          minmay_misc_feat_encased, worms_lemuel
Temple:   minmay_freezing_vapour_temple

Skill      XL: |  1  2  3  4  5  6  7  8  9 |
---------------+----------------------------+-----
Fighting       | 4 5 6 8 9 |  9.2
Armour         | 4 5 6 7 |  7.7
Shields        | 4 |  4.9
Polearms       | 3 |  3.6
Axes           | 1 2 3 5 7 8 |  8.7
Ranged Weapons | 1 2 3 4 5 |  5.8
Dodging        | 1 2 |  2.3
Evocations     | 1 |  1.0
Throwing       | |  0.3
Stealth        | |  0.3

Action                     |  1- 3 |  4- 6 |  7- 9 || total
---------------------------+-------+-------+-------++-------
  Melee: Trident           |    32 |       |     1 ||    33
         Headbutt          |    11 |    17 |    48 ||    76
         Hand axe          |    29 |    84 |   217 ||   330
   Fire: Sling             |       |    39 |    70 ||   109
  Throw: Dart              |       |       |     3 ||     3
  Evoke: Wand              |       |     3 |     9 ||    12
    Use: Scroll            |     5 |     4 |     8 ||    17
         Potion            |     1 |     1 |     3 ||     5
 Armour: Scale mail        |    16 |    41 |    47 ||   104
         Ring mail         |       |       |     8 ||     8
         Plate armour      |       |       |    39 ||    39
  Dodge: Dodged            |    24 |    35 |    58 ||   117
  Block: Buckler           |     9 |    21 |    40 ||    70

Table legend: (Time is in decaauts)
 A = Elapsed time spent in this place.
 B = Non-inter-level travel time spent in this place.
 C = Inter-level travel time spent in this place.
 D = Time resting spent in this place.
 E = Time spent auto-exploring this place.
 F = Levels seen in this place.
 G = Mean time per level.
                   A        B        C        D        E       F      G
               +--------+--------+--------+--------+--------+-----+--------+
         Total |   9409 |   9086 |    323 |   4130 |   2201 |   9 | 1045.4 |
       Dungeon |   8940 |   8617 |    323 |   3800 |   2191 |   7 | 1277.1 |
        Temple |     23 |     23 |      0 |      0 |     10 |   1 |   23.0 |
         Sewer |    445 |    445 |      0 |    330 |      0 |   1 |  445.0 |
               +--------+--------+--------+--------+--------+-----+--------+

Top non-repeatable levels by time:
     D:5: 2915 daAuts
     D:4: 1657 daAuts
     D:6: 1463 daAuts
     D:2: 1406 daAuts
     D:3: 768 daAuts
     D:1: 670 daAuts
   Sewer: 445 daAuts
     D:7: 59 daAuts
  Temple: 23 daAuts
